 Dungeon Crawl Stone Soup version 0.24-a0-278-gefa1973 (webtiles) character file.

Game seed: 10545631815153536761

22101 CanOfBees the Zephyrmancer (level 12, -3/78 HPs)
             Began as a Tengu Air Elementalist on Apr 30, 2019.
             Was a High Priest of Sif Muna.
             Slain by a fire crab (8 damage)
             ... on level 4 of the Lair of Beasts.
             The game lasted 00:52:52 (29428 turns).

CanOfBees the Zephyrmancer (TeAE)                  Turns: 29428, Time: 00:52:53

Health: -3/78      AC: 12    Str: 10    XL:     12   Next: 96%
Magic:  11/25      EV: 19    Int: 21    God:    Sif Muna [*****.]
Gold:   738        SH:  0    Dex: 15    Spells: 1/27 levels left

rFire    . . .     SeeInvis .   z - +5 scimitar
rCold    . . .     Gourm    .   (no shield)
rNeg     . . .     Faith    .   N - +0 steam dragon scales
rPois    .         Spirit   .   (helmet restricted)
rElec    .         Reflect  .   j - +2 cloak
rCorr    .         Harm     .   C - +1 pair of gloves
MR       .....                  (boots unavailable)
Stlth    ++........             v - amulet of magic regeneration
HPRegen  0.23/turn              B - +2 ring of intelligence
MPRegen  0.44/turn              E - +1 ring of protection

@: about to teleport, flying quickly and evasively, quick
A: beak, talons 3, able to fly
a: Stop Flying, Divine Energy, Channel Magic, Forget Spell, Renounce Religion


You were on level 4 of the Lair of Beasts.
You worshipped Sif Muna.
Sif Muna was extremely pleased with you.
You were not hungry.

You visited 2 branches of the dungeon, and saw 14 of its levels.

You collected 738 gold pieces.

Inventory:

Hand Weapons
 z - a +5 scimitar (weapon)
 A - a +2 whip of flaming
Armour
 j - a +2 cloak (worn)
 C - a +1 pair of gloves (worn)
 N - +0 steam dragon scales (worn)
Magical Staves
 K - an uncursed staff of conjuration
Jewellery
 v - an amulet of magic regeneration (around neck)
 B - a +2 ring of intelligence (left hand)
 E - a +1 ring of protection (right hand)
 G - an uncursed ring of ice
Wands
 n - a wand of flame (12)
 r - a wand of digging (7)
Scrolls
 b - a scroll of noise
 e - 5 scrolls of teleportation
 g - 9 scrolls of remove curse
 h - 2 scrolls of amnesia
 k - a scroll of enchant weapon
 o - 2 scrolls of magic mapping
 p - a scroll of enchant armour
 y - a scroll of vulnerability
 H - a scroll of silence {unknown}
 L - a scroll of immolation {unknown}
Potions
 a - a potion of mutation
 d - a potion of agility
 f - 2 potions of brilliance
 i - 3 potions of curing
 q - a potion of heal wounds
 s - 3 potions of berserk rage
 M - a potion of magic
Comestibles
 c - 12 rations


   Skills:
 + Level 10.5 Fighting
 - Level 4.0 Armour
 - Level 6.0 Dodging
 - Level 2.0 Stealth
 - Level 8.0 Spellcasting
 - Level 8.4 Conjurations
 - Level 5.0 Charms
 - Level 5.0 Summonings
 + Level 11.3 Air Magic
 + Level 7.6 Invocations


You had one spell level left.
You knew the following spells:

 Your Spells              Type           Power        Failure   Level  Hunger
a - Shock                 Conj/Air       ####         1%          1    None
b - Swiftness             Chrm/Air       #####...     1%          2    None
c - Static Discharge      Conj/Air       #####...     1%          3    None
d - Airstrike             Air            ######....   1%          4    ###....
e - Lightning Bolt        Conj/Air       #####.....   3%          5    #####..
f - Summon Butterflies    Summ           ####....     1%          1    None
g - Iskenderun's Battles  Conj/Chrm      #####...     14%         5    #####..
h - Apportation           Tloc           #.....       8%          1    None
i - Summon Lightning Spi  Summ/Air       #####...     2%          4    ###....

Your spell library contained the following spells:

 Spells                   Type           Power        Failure   Level  Hunger
 Summon Small Mammal      Summ           ####         1%          1    None
 Sandblast                Erth           #.....       8%          1    None
 Call Imp                 Summ           ####....     1%          2    None
 Throw Flame              Conj/Fire      ####..       2%          2    None
 Call Canine Familiar     Summ           ####....     3%          3    None
 Stone Arrow              Conj/Erth      ####..       4%          3    None
 Summon Guardian Golem    Hex/Summ       ###.....     9%          3    None
 Passwall                 Tmut/Erth      #.......     12%         2    None
 Sticky Flame             Conj/Fire      ####....     14%         4    ###....
 Inner Flame              Hex/Fire       #.......     24%         3    None
 Lesser Beckoning         Tloc           #.........   24%         3    None
 Tukima's Dance           Hex            #.......     24%         3    None
 Summon Ice Beast         Ice/Summ       ###.....     28%         4    ###....
 Irradiate                Conj/Tmut      ####......   36%         5    #####..
 Venom Bolt               Conj/Pois      ####......   36%         5    #####..
 Bolt of Magma            Conj/Fire/Erth ###.......   56%         5    #####..
 Ice Form                 Ice/Tmut       #.......     61%         4    ###....
 Petrify                  Tmut/Erth      #.......     61%         4    ###....
 Alistair's Intoxication  Tmut/Pois      #.......     91%         5    #####..
 Lee's Rapid Deconstruct  Erth           #.........   91%         5    #####..
 Iron Shot                Conj/Erth      ####......   91%         6    ######.
 Orb of Destruction       Conj           #####.....   91%         7    #######
 Spellforged Servitor     Conj/Summ      #####.....   99%         7    #######
 Invisibility             Hex            #.......     100%        6    ######.
 Fire Storm               Conj/Fire      ####......   100%        9    #######


Dungeon Overview and Level Annotations

Branches:
Dungeon (10/15)            Temple (0/1) D:4            Lair (4/6) D:9
 Shoals (0/4) Lair:2        Snake (0/4) Lair:3
    Orc: D:9-12

Altars:
Ashenzari
Cheibriados
Dithmenos
Elyvilon
Fedhas
Gozag
Hepliaklqana
Kikubaaqudgha
Makhleb
Nemelex Xobeh
Qazlal
Ru
Sif Muna
Trog
Uskayaw
Vehumet
Wu Jian
Xom
Jiyva

Annotations:
Lair:1 3 runed translucent doors, xfalz's ghost, journeyman DrVM
Lair:4 2 transporters


Innate Abilities, Weirdness & Mutations

You have a beak for a mouth.
You have claws for feet.
You can fly continuously.


Message History

Confirm with . or Enter, or press ? or * to list all spells.
Aiming: Airstrike (safe; 1% risk of failure)
Press: ? - help, Dir - move target cursor, p - fire crab The spell fizzles.
You are engulfed in blazing flames.
Casting: Airstrike (safe; 1% risk of failure)
Confirm with . or Enter, or press ? or * to list all spells.
Aiming: Airstrike (safe; 1% risk of failure)
Press: ? - help, Dir - move target cursor The spell fizzles.
The fire crab breathes flames at you. The blast of flame misses you.
All of the chunks of flesh in your inventory have rotted away.
As you read the scroll of teleportation, it crumbles to dust.
You feel strangely unstable.
You are engulfed in blazing flames.
The fire crab bites you.
You are engulfed in flames!
* * * LOW HITPOINT WARNING * * *
The fire crab claws you.
* * * LOW HITPOINT WARNING * * *
You are engulfed in flames!
You die...

. ........#°.°°°°○ .
P...##...........#°°°○°.°
. .....#..#.......
#.°○°°○○ .
.P.............. ####+++#
. .#P.............
#°○.... $
..≈P..............#○°#.#°
...
..#P...○..........#°°.!(.
...
......$t○○........#○○#©#.
...
..#...#○@○##......#°°°○.°
...
P.....○○○###......#°°°○○°
...
P.....○..#.###...########
...
P.....................©..
.#P
..P.###P.###...........÷.
... ...P ####
#............. ≈.. ...
##........###. ≈.. ..
#P.#.#...# #§ ≈.h
##.####..# #.


You could see a fire crab.

Vanquished Creatures
  A two-headed ogre (D:10)
  An unseen horror (D:10)
  Pikel (D:6)
  7 oklob plants
  5 elephants
  A guardian serpent (Lair:2)
  2 molten gargoyles
  3 spiny frogs
  A rime drake (Lair:1)
  2 komodo dragons
  A polar bear (Lair:4)
  2 trolls
  2 hippogriffs (Lair:3)
  Grinder (D:5)
  2 blink frogs (Lair:4)
  5 dream sheep (Lair:4)
  Sigmund (D:6)
  3 fire bats (Lair:1)
  14 yaks
  A wyvern (Lair:4)
  A fire elemental (Lair:1)
  A human (D:8)
  A basilisk (Lair:1)
  A hungry ghost (D:7)
  Grum (D:9)
  Menkaure (D:5)
  A steam dragon (D:10)
  Edmund (D:6)
  3 water moccasins
  8 porcupines
  3 ice beasts
  4 black bears
  A hornet zombie (D:7)
  3 orc warriors
  A slave (D:6)
  2 sky beasts
  A phantom (D:6)
  8 wolves
  5 ogres
  2 centaurs
  4 crocodiles
  9 bullfrogs
  A gnoll sergeant (D:7)
  A wyvern zombie (D:7)
  A wyvern skeleton (D:10)
  3 scorpions
  3 killer bees (D:7)
  An oklob sapling (D:4)
  6 wights
  3 howler monkeys
  2 electric eels (Lair:4)
  A lava snake (Lair:1)
  7 crimson imps
  2 centaur zombies
  2 hounds
  A jelly (D:9)
  7 orc priests
  2 centaur skeletons
  Crazy Yiuf (D:6)
  A bullfrog skeleton (D:7)
  8 iguanas
  2 worker ants
  8 orc wizards
  2 hound zombies
  A howler monkey zombie (D:8)
  6 gnolls
  10 adders
  A shadow imp (D:8)
  2 oozes (D:1)
  An adder zombie (D:6)
  An adder skeleton (D:8)
  4 worms
  2 dart slugs
  8 leopard geckos
  24 orcs
  5 ball pythons
  7 bats
  7 giant cockroaches
  5 hobgoblins
  2 jackals (D:6)
  2 quokkas
  A ball python zombie (D:5)
  9 frilled lizards
  5 goblins
  5 kobolds
  A quokka skeleton (D:3)
  4 rats (D:2)
  A fire vortex (Lair:1)
  2 fungi
  4 plants (Lair:2)
303 creatures vanquished.

Vanquished Creatures (collateral kills)
  A spiny frog (Lair:4)
  A komodo dragon (Lair:2)
  2 blink frogs
  A wyvern (Lair:4)
  2 porcupines (Lair:4)
  A black bear (Lair:3)
  A crocodile (Lair:4)
  2 bullfrogs (Lair:3)
  A plant (Lair:2)
12 creatures vanquished.

Vanquished Creatures (others)
  An orc warrior (D:10)
  A slave (D:6)
  2 wights
  A howler monkey (D:6)
  A hound (D:6)
  3 orcs (D:10)
  A fungus (D:9)
10 creatures vanquished.

Grand Total: 325 creatures vanquished

Notes
Turn   | Place    | Note
-------+----------+-------------------------------------------
     0 | D:1      | CanOfBees the Tengu Air Elementalist began the quest for
                  | the Orb.
     0 | D:1      | Reached XP level 1. HP: 10/10 MP: 4/4
   381 | D:1      | Reached XP level 2. HP: 2/16 MP: 0/6
  1507 | D:1      | Reached XP level 3. HP: 20/20 MP: 3/7
  1586 | D:1      | Found a shattered altar of Ashenzari.
  1655 | D:1      | Reached skill level 1 in Fighting
  1724 | D:2      | Found an opulent altar of Gozag.
  1819 | D:2      | Found a stormy altar of Qazlal.
  2003 | D:2      | Found a white marble altar of Elyvilon.
  2390 | D:2      | Learned a level 2 spell: Swiftness
  2394 | D:2      | Learned a level 3 spell: Static Discharge
  2398 | D:3      | Reached skill level 5 in Air Magic
  2554 | D:3      | Reached XP level 4. HP: 24/25 MP: 5/8
  3516 | D:3      | Found a sparkling altar of Nemelex Xobeh.
  3552 | D:3      | Found a deep blue altar of Sif Muna.
  3552 | D:3      | Found an ancient bone altar of Kikubaaqudgha.
  3554 | D:3      | Found a radiant altar of Vehumet.
  3564 | D:3      | Identified Sif Muna's Catalogue of Displacement
  3567 | D:3      | Became a worshipper of Sif Muna the Loreminder
  3903 | D:4      | Gained mutation: You can fly continuously. [Tengu growth]
  3903 | D:4      | Reached XP level 5. HP: 30/30 MP: 4/10
  4212 | D:4      | Found a shadowy altar of Dithmenos.
  4409 | D:4      | Reached skill level 6 in Air Magic
  4531 | D:4      | Reached skill level 1 in Invocations
  4531 | D:4      | Reached XP level 6. HP: 7/35 MP: 0/11
  5525 | D:4      | Found a staircase to the Ecumenical Temple.
  6075 | D:4      | Found a shimmering altar of Xom.
  6077 | D:4      | Found a hazy altar of Hepliaklqana.
  6077 | D:4      | Noticed a caustic shrike
  6079 | D:4      | Noticed a spectral ugly thing
  6079 | D:4      | Noticed a caustic shrike
  6141 | D:5      | Entered Level 5 of the Dungeon
  6370 | D:4      | Learned a level 4 spell: Airstrike
  6442 | D:5      | Reached XP level 7. HP: 40/40 MP: 7/13
  7286 | D:5      | Noticed Grinder
  7323 | D:5      | Paralysed by Grinder for 5 turns
  7331 | D:5      | Paralysed by Grinder for 3 turns
  7337 | D:5      | Killed Grinder
  7337 | D:5      | Reached * piety under Sif Muna
  7337 | D:5      | Reached skill level 7 in Air Magic
  7789 | D:5      | Noticed Menkaure
  7792 | D:5      | Killed Menkaure
  7792 | D:5      | Reached XP level 8. HP: 46/46 MP: 2/15
  8328 | D:5      | Reached skill level 5 in Spellcasting
 10327 | D:6      | Found a hide-covered altar of Uskayaw.
 10337 | D:6      | Noticed Pikel
 10798 | D:6      | Noticed Sigmund
 10803 | D:6      | Killed Sigmund
 10803 | D:6      | Reached skill level 8 in Air Magic
 10803 | D:6      | Reached XP level 9. HP: 26/52 MP: 6/18
 10960 | D:6      | Noticed Edmund
 10969 | D:6      | Killed Edmund
 11325 | D:6      | Killed Pikel
 11325 | D:6      | Reached ** piety under Sif Muna
 11325 | D:6      | Reached skill level 5 in Fighting
 11325 | D:6      | Reached skill level 5 in Conjurations
 11395 | D:6      | Reached skill level 9 in Air Magic
 11852 | D:6      | Found a runed translucent door.
 11852 | D:6      | Noticed Crazy Yiuf
 11895 | D:6      | Found a burning altar of Makhleb.
 11897 | D:6      | Found a sacrificial altar of Ru.
 12089 | D:6      | Found a bloodstained altar of Trog.
 12091 | D:6      | Found a blossoming altar of Fedhas.
 12092 | D:6      | Found an ornate altar of the Wu Jian Council.
 12228 | D:6      | Learned a level 5 spell: Lightning Bolt
 12297 | D:6      | Killed Crazy Yiuf
 12807 | D:7      | Reached skill level 1 in Armour
 13565 | D:7      | Reached XP level 10. HP: 58/60 MP: 8/20
 13763 | D:7      | Reached skill level 10 in Air Magic
 15468 | D:8      | Learned a level 1 spell: Summon Butterflies
 16138 | D:8      | Reached *** piety under Sif Muna
 16394 | D:8      | Found a blossoming altar of Fedhas.
 16396 | D:8      | Noticed an oklob plant
 16396 | D:8      | Noticed an oklob plant
 16837 | D:8      | Killed an oklob plant
 16933 | D:8      | Killed an oklob plant
 17377 | D:9      | Noticed Grum
 17431 | D:9      | Killed Grum
 18194 | D:9      | Found a staircase to the Lair.
 18209 | D:9      | Reached skill level 5 in Invocations
 18358 | D:9      | Reached XP level 11. HP: 69/69 MP: 18/21
 18663 | D:9      | Found a snail-covered altar of Cheibriados.
 18692 | D:10     | Entered Level 10 of the Dungeon
 18692 | D:10     | Noticed a two-headed ogre
 18698 | D:10     | Killed a two-headed ogre
 18920 | D:10     | Reached skill level 1 in Charms
 19459 | D:10     | Reached **** piety under Sif Muna
 21032 | D:10     | Killed an unseen horror
 21942 | Lair:1   | Entered Level 1 of the Lair of Beasts
 22012 | Lair:1   | Found a runed translucent gate.
 22063 | Lair:1   | Found a runed translucent gate.
 22063 | Lair:1   | Found a runed translucent gate.
 22065 | Lair:1   | Noticed xfalz's ghost (journeyman DrVM)
 22975 | Lair:1   | Found a viscous altar of Jiyva.
 23588 | Lair:1   | Learned a level 5 spell: Iskenderun's Battlesphere
 23656 | Lair:2   | Reached XP level 12. HP: 74/76 MP: 15/25
 23760 | Lair:2   | Found a staircase to the Shoals.
 23807 | Lair:1   | Reached skill level 5 in Dodging
 25087 | Lair:2   | Learned a level 1 spell: Apportation
 25769 | Lair:3   | Found a staircase to the Snake Pit.
 26109 | Lair:3   | Learned a level 4 spell: Summon Lightning Spire
 26312 | Lair:3   | Reached skill level 10 in Fighting
 26540 | Lair:3   | Reached skill level 5 in Charms
 27306 | Lair:2   | Reached ***** piety under Sif Muna
 27306 | Lair:2   | Reached skill level 1 in Summonings
 28700 | Lair:4   | Reached skill level 11 in Air Magic
 28863 | Lair:4   | Identified Sif Muna's Guide on Unstable Fire (Sif Muna
                  | gifted it to you on level 4 of the Lair of Beasts)
 28863 | Lair:4   | Received a gift from Sif Muna
 28890 | Lair:4   | Found a transporter.
 28968 | Lair:4   | Found a transporter.
 29105 | Lair:4   | Reached skill level 5 in Summonings
 29428 | Lair:4   | Slain by a fire crab

Levels and vault maps discovered:
D:1:      dpeg_arrival_renting, layout_rooms, ashenzari_altar_1
D:2:      layout_basic, nicolae_qazlal_general_emergency, old_standard_altar,
          grunt_gozag_breadcrumbs
D:3:      layout_loops_cross, grunt_temple_overflow_magic_moments,
          nemelex_xobeh_ov_fountains_minmay, grunt_ministairs_14
D:4:      layout_loops_corners, regret_index_temple_of_mockery,
          lemuel_coloured_pillars_altar, minmay_temple_entry_oklob, first_ration
D:5:      layout_gridville, minmay_misc_feat_secret_circle, uniq_menkaure,
          uniq_grinder
D:6:      layout_cave_pods, grunt_temple_overflow_open,
          eat_drink_and_be_merry_uskayaw, sigmund_edmund_badplayer,
          uniq_sigmund, uniq_crazy_yiuf_cottage, uniq_pikel, uniq_edmund
D:7:      layout_loops_corners
D:8:      layout_loops_ring, grunt_pizzeria, hangedman_tree_tricks
D:9:      layout_basic, kennysheep_mini_moat, grunt_lair_entry_orc_guard_hut,
          uniq_grum
D:10:     layout_cave_pods, lemuel_flamethrower_2
Lair:1:   layout_chaotic_city, gammafunk_ghost_ooze
Lair:2:   minmay_lair_oklob_tunnel, layout_misc_corridors,
          elwin_shoals_entry_rocks
Lair:3:   layout_chaotic_city, minmay_snake_entry_spellcaster
Lair:4:   gammafunk_cloud_chamber, layout_gridlike, st_stairs_10,
          lemuel_fruit_fields

Skill      XL: |  1  2  3  4  5  6  7  8  9 10 11 12 |
---------------+-------------------------------------+-----
Conjurations   | 2 3 4 6 8 |  8.4
Fighting       | 1 2 3 4 6 8 9 10 | 10.5
Air Magic      | 5 6 7 8 9 10 11 | 11.3
Spellcasting   | 3 4 5 6 8 |  8.0
Invocations    | 1 2 3 4 5 6 7 |  7.6
Dodging        | 3 4 6 |  6.0
Armour         | 2 4 |  4.0
Charms         | 3 5 |  5.0
Summonings     | 5 |  5.0
Stealth        | |  2.0

Action                   |  1- 3 |  4- 6 |  7- 9 | 10-12 || total
-------------------------+-------+-------+-------+-------++-------
Melee: Unarmed           |     3 |       |       |       ||     3
       Short sword       |    21 |    12 |       |       ||    33
       Kick              |     2 |     6 |    18 |    87 ||   113
       Peck              |     1 |     1 |     9 |    45 ||    56
       Trident           |       |    14 |    59 |     9 ||    82
       Scimitar          |       |       |       |   194 ||   194
       Staff             |       |       |       |     8 ||     8
       Hand axe          |       |       |       |     1 ||     1
 Cast: Shock             |    64 |    84 |   141 |   247 ||   536
       Static Discharge  |       |     3 |    29 |    38 ||    70
       Airstrike         |       |     1 |    29 |    95 ||   125
       Swiftness         |       |       |     1 |     1 ||     2
       Lightning Bolt    |       |       |       |    40 ||    40
       Summon Butterflie |       |       |       |     9 ||     9
       Summon Lightning  |       |       |       |    20 ||    20
       Iskenderun's Batt |       |       |       |     1 ||     1
Invok: Channel Magic     |       |       |       |     1 ||     1
 Abil: Fly               |       |     1 |       |       ||     1
Evoke: Wand              |       |       |    14 |    20 ||    34
  Use: Scroll            |       |     6 |     8 |    13 ||    27
       Potion            |       |       |     1 |     2 ||     3
 Stab: Sleeping          |     1 |     1 |     2 |       ||     4
  Eat: Chunk             |     6 |     5 |    14 |    33 ||    58
       Ration            |       |     2 |     4 |    11 ||    17
Armor: Robe              |     6 |     3 |     1 |       ||    10
       Ring mail         |       |     3 |    27 |    72 ||   102
       Steam dragon scal |       |       |       |    52 ||    52
Dodge: Dodged            |    25 |    27 |    92 |   237 ||   381
       Rpst.: Scimitar   |       |       |       |    63 ||    63

Table legend:
 A = Non-vault XP
 B = Vault XP
 C = Vault XP percentage of total XP
 D = Non-vault monster count
 E = Vault monster count
 F = Vault count percentage of total count
                 A         B        C        D         E       F
            +---------+---------+-------+---------+---------+-------
      Total |   24964 |    6609 |  20.9 |     277 |      29 |   9.5
            +---------+---------+-------+---------+---------+-------
        D:1 |      39 |       0 |   0.0 |      19 |       0 |   0.0
        D:2 |      30 |       0 |   0.0 |      18 |       0 |   0.0
        D:3 |      99 |       3 |   2.9 |      18 |       2 |  10.0
        D:4 |     328 |      60 |  15.5 |      15 |       1 |   6.2
        D:5 |    1151 |     439 |  27.6 |      30 |       2 |   6.2
        D:6 |     744 |    1058 |  58.7 |      21 |       4 |  16.0
        D:7 |    1662 |       0 |   0.0 |      29 |       0 |   0.0
        D:8 |     950 |    1348 |  58.7 |      14 |       3 |  17.6
        D:9 |     546 |    1272 |  70.0 |      14 |      10 |  41.7
       D:10 |    4952 |       0 |   0.0 |      30 |       0 |   0.0
     Lair:1 |    4506 |       0 |   0.0 |      20 |       0 |   0.0
     Lair:2 |    2649 |    2172 |  45.1 |       9 |       5 |  35.7
     Lair:3 |    2267 |       0 |   0.0 |      11 |       0 |   0.0
     Lair:4 |    5041 |     257 |   4.9 |      29 |       2 |   6.5
            +---------+---------+-------+---------+---------+-------
